 Dungeon Crawl Stone Soup version 0.21.1-1-g345015f (webtiles) character file.

150 infcreate the Shield-Bearer (level 5, -3/46 HPs)
             Began as a Minotaur Fighter on May 3, 2018.
             Slain by infcreate's ghost (8 damage)
             ... on level 3 of the Dungeon.
             The game lasted 00:09:05 (1589 turns).

infcreate the Shield-Bearer (Minotaur Fighter)      Turns: 1589, Time: 00:09:06

Health: -3/46      AC:  7    Str: 22    XL:     5   Next: 10%
Magic:  4/4        EV:  7    Int:  5    God:
Gold:   115        SH: 10    Dex:  9    Spells: 4/4 levels left

rFire    . . .     SeeInvis .   a - +0 war axe
rCold    . . .     Gourm    .   c - +0 shield
rNeg     . . .     Faith    .   b - +0 scale mail
rPois    .         Spirit   .   (helmet restricted)
rElec    .         Reflect  .   (no cloak)
rCorr    .         Harm     .   (no gloves)
MR       .....                  (no boots)
Stlth    ..........             (no amulet)
HPRegen  0.15/turn              (no ring)
MPRegen  0.09/turn              (no ring)

@: no status effects
A: retaliatory headbutt, horns 2
a: no special abilities


You were on level 3 of the Dungeon.
You were not hungry.

You visited 1 branch of the dungeon, and saw 3 of its levels.

You collected 115 gold pieces.

Inventory:

Hand Weapons
 a - a +0 war axe (weapon)
Armour
 b - a +0 scale mail (worn)
 c - a +0 shield (worn)
Jewellery
 n - an uncursed ring of poison resistance {unknown}
Scrolls
 e - 4 scrolls of identify {unknown}
 h - a scroll of amnesia {unknown}
 k - a scroll of teleportation {unknown}
 l - a scroll of blinking {unknown}
Potions
 d - 2 potions of might
 g - a potion of degeneration {unknown}
 i - a potion of haste {unknown}
 j - a potion of ambrosia {unknown}
 m - a potion of flight {unknown}
 o - a potion of mutation {unknown}
 p - a potion of magic {unknown}
Comestibles
 f - 4 rations


   Skills:
 + Level 4.2 Fighting
 + Level 4.4 Axes
 + Level 4.3 Armour
 - Level 0.2 Dodging
 + Level 4.9 Shields


You had 4 spell levels left.
You didn't know any spells.

Dungeon Overview and Level Annotations

Branches:
Dungeon (3/15)

Altars:
Sif Muna
Uskayaw

Annotations:
D:3 infcreate's ghost, amateur MiFi


Innate Abilities, Weirdness & Mutations

You reflexively headbutt those who attack you in melee.
You have a pair of horns on your head.


Message History

You block infcreate's ghost's attack.
You slash infcreate's ghost! Your headbutt misses infcreate's ghost.
Infcreate's ghost is heavily damaged.
Infcreate's ghost hits you. Infcreate's ghost hits you!
You barely miss infcreate's ghost.
Infcreate's ghost is heavily damaged.
Infcreate's ghost hits you.
You hit infcreate's ghost but do no damage.
You headbutt infcreate's ghost.
Infcreate's ghost is severely damaged.
Infcreate's ghost hits you but does no damage.
You hit infcreate's ghost but do no damage.
You headbutt infcreate's ghost, but do no damage.
Infcreate's ghost is severely damaged.
You block infcreate's ghost's attack. Infcreate's ghost hits you!
* * * LOW HITPOINT WARNING * * *
You barely miss infcreate's ghost.
Infcreate's ghost is heavily damaged.
Infcreate's ghost hits you!
You die...
K

.####.### .# ..##....
#######.# #.##....
#.......# #.##... #.......#
########....# ##†......#
.......#....# #(.......###
.......#.##.####...........
................@W.........
.........##.####....#######
####.######.# #....# ..##.#
#.# #.[..# ..##.######.#
#....# ..##........# #....#
..'.## ### ######
..#.#######
..#...(...################


You could see infcreate's ghost.

Vanquished Creatures
  A bullfrog (D:2)
  Robin (D:2)
  An adder (D:2)
  A worm (D:2)
  A dart slug (D:1)
  A leopard gecko (D:1)
  4 giant cockroaches
  16 goblins
  4 hobgoblins
  A ball python (D:2)
  9 bats
  4 frilled lizards
  8 kobolds
  6 rats
58 creatures vanquished.

Notes
Turn   | Place    | Note
-------+----------+-------------------------------------------
     0 | D:1      | infcreate the Minotaur Fighter began the quest for the Orb.
     0 | D:1      | Reached XP level 1. HP: 19/19 MP: 0/0
   123 | D:1      | Reached XP level 2. HP: 26/27 MP: 1/1
   732 | D:2      | Reached XP level 3. HP: 33/33 MP: 2/2
   836 | D:2      | Noticed a bullfrog
   840 | D:2      | Killed a bullfrog
   840 | D:2      | Reached XP level 4. HP: 40/40 MP: 3/3
   912 | D:2      | Found a deep blue altar of Sif Muna.
  1125 | D:2      | Noticed Robin
  1134 | D:2      | Killed Robin
  1254 | D:2      | Reached XP level 5. HP: 39/46 MP: 4/4
  1376 | D:2      | Found a hide-covered altar of Uskayaw.
  1570 | D:3      | Noticed infcreate's ghost (amateur MiFi)
  1589 | D:3      | Slain by infcreate's ghost

Skill      XL: |  1  2  3 |
---------------+----------+-----
Shields        | 4 |  4.9
Axes           | 3 4 |  4.4
Armour         | 4 |  4.3
Fighting       | 4 |  4.2
Dodging        | |  0.2

Action                   |  1- 3 |  4- 6 || total
-------------------------+-------+-------++-------
Melee: War axe           |    68 |    77 ||   145
       Headbutt          |    13 |    13 ||    26
  Eat: Chunk             |       |     2 ||     2
Armor: Scale mail        |    32 |    34 ||    66
Dodge: Dodged            |    23 |    11 ||    34
Block: Shield            |    39 |    36 ||    75
